 Dungeon Crawl Stone Soup version 0.29.1-2-gbd0b4ee654 (webtiles) character file.

Game seed: 6619829359423473184

201656 Lutefisk the Spry (level 18, -13/135 HPs)
             Began as an Octopode Transmuter on Nov 13, 2022.
             Was the Champion of Jiyva.
             Blown up by an orb spider (60 damage)
             ... with an orb of destruction
             ... on level 4 of the Spider Nest.
             The game lasted 02:46:38 (21006 turns).

Lutefisk the Spry (Octopode Transmuter)            Turns: 21006, Time: 02:46:39

Health: -13/135    AC:  8    Str: 20    XL:     18   Next: 55%
Magic:  36/36      EV: 25    Int: 28    God:    Jiyva [******]
Gold:   2120       SH:  5    Dex: 18    Spells: 7/29 levels left

rFire   + + .      SeeInvis .     - Unarmed
rCold   + . .      Faith    .   (shield currently unavailable)
rNeg    + . .      Spirit   .   l - +1 hat
rPois   +          Reflect  +   w - amulet of reflection
rElec   +          Harm     .   f - ring of wizardry
rCorr   +          Rampage  .   u - +6 ring of intelligence
Will    ++++.                   I - ring of protection from cold
Stlth   ++++......              K - ring "Vydwoudi" {rElec rF+ Str+5 Int+2}
HPRegen 1.92/turn               R - ring of magical power
MPRegen 0.75/turn               t - ring of positive energy
                                a - ring of willpower
                                S - +6 ring of strength

@: blade tentacles, studying Maces & Flails
A: almost no armour, amphibious, 8 rings, camouflage 1, gelatinous body 1,
(nimble swimmer 1), tentacles, tentacle spike 1, iridescent scales 3, clever 1,
fire resistance 1, strong-willed 2, poison resistance, pseudopods 3, jelly
sensing items, jelly absorbing missiles, engulf
}: 1/15 runes: decaying
a: End Transformation, Renounce Religion, Oozemancy, Slimify


You were on level 4 of the Spider Nest.
You worshipped Jiyva.
Jiyva was exalted by your worship.
You had blades for main tentacles.
You visited 7 branches of the dungeon, and saw 36 of its levels.
You also visited: Sewer, Gauntlet, Ice Cave and Volcano.

You collected 2577 gold pieces.
You spent 457 gold pieces at shops.

Inventory:

Hand Weapons
 M - the +4 short sword of Qythynil {vorpal, Will+}
   (You found it on level 8 of the Dungeon)

   It inflicts extra damage upon your enemies.
   Will:      It increases your willpower.
 X - the +8 eveningstar "Omotak" {spect, rPois rC++ rCorr Int-5 Stlth+}
   (You found it in a Gauntlet)

   When its wielder attacks, the weapon's spirit leaps out and strikes again.
   The spirit shares a part of any damage it takes with its wielder.
   Int:       It affects your intelligence (-5).
   rC:        It greatly protects you from cold.
   rPois:     It protects you from poison.
   rCorr:     It protects you from acid and corrosion.
   Stlth:     It makes you more stealthy.
Missiles
 V - 5 curare-tipped darts (quivered)
Armour
 l - a +1 hat (worn)
 Q - a +1 buckler of protection (melded)
 T - a +0 kite shield
Jewellery
 a - a ring of willpower (on tentacle)
 f - a ring of wizardry (left blade tentacle)
 t - a ring of positive energy (on tentacle)
 u - a +6 ring of intelligence (right blade tentacle)
 w - an amulet of reflection (around mantle)
 B - a ring of wizardry
 C - the amulet "Ituestem" {Spirit Int+4}
   (You took it off a white draconian in an ice cave)

   [amulet of guardian spirit]

   It causes incoming damage to be divided between your reserves of health and
   magic.
   Int:       It affects your intelligence (+4).
 I - a ring of protection from cold (on tentacle)
 K - the ring "Vydwoudi" (on tentacle) {rElec rF+ Str+5 Int+2}
   (You found it on level 6 of the Dungeon)

   [ring of protection from fire]

   Str:       It affects your strength (+5).
   Int:       It affects your intelligence (+2).
   rF:        It protects you from fire.
   rElec:     It insulates you from electricity.
 R - a ring of magical power (on tentacle)
 S - a +6 ring of strength (on tentacle)
Wands
 o - a wand of roots (11)
 y - a wand of mindburst (19)
 L - a wand of acid (6)
 O - a wand of polymorph (12)
Scrolls
 b - 5 scrolls of immolation
 c - a scroll of blinking
 e - a scroll of summoning {unknown}
 g - a scroll of torment {unknown}
 n - a scroll of fear
 r - 2 scrolls of butterflies
 s - 2 scrolls of teleportation
 x - 2 scrolls of poison
 A - 3 scrolls of vulnerability
 H - 2 scrolls of enchant armour
 U - 2 scrolls of brand weapon
 W - a scroll of enchant weapon {unknown}
 Y - 3 scrolls of silence
Potions
 d - 3 potions of heal wounds
 h - 4 potions of attraction
 i - 2 potions of berserk rage
 j - 5 potions of flight
 k - 7 potions of might
 m - a potion of cancellation {unknown}
 p - 4 potions of resistance
 q - 10 potions of curing
 v - 7 potions of brilliance
 z - 4 potions of haste
 D - 2 potions of invisibility
 F - 4 potions of mutation
 G - a potion of lignification
 J - 3 potions of ambrosia
 P - 3 potions of magic
Miscellaneous
 N - a phial of floods
 Z - a tin of tremorstones (2/2)


   Skills:
 - Level 16.0 Fighting
 - Level 18.0 Dodging
 - Level 4.0 Stealth
 - Level 4.0 Shields
 * Level 17.5 Unarmed Combat
 - Level 6.0 Spellcasting
 - Level 12.0 Transmutations
 - Level 1.0 Ice Magic
 - Level 2.0 Poison Magic
 - Level 8.0 Evocations


You had 7 spell levels left.
You knew the following spells:

 Your Spells              Type           Power      Damage    Failure   Level
a - Beastly Appendage     Tmut           100%       N/A       2%          1
b - Wereblood             Tmut           66%        N/A       2%          2
c - Spider Form           Tmut/Pois      47%        N/A       6%          3
d - Ice Form              Ice/Tmut       44%        N/A       12%         4
e - Blade Hands           Tmut           33%        N/A       7%          5
f - Dragon Form           Tmut           33%        N/A       45%         7

Your spell library contained the following spells:

 Spells                   Type           Power      Damage    Failure   Level
 Apportation              Tloc           16%        N/A       16%         1
 Necrotise                Necr           32%        1d5       16%         1
 Summon Small Mammal      Summ           32%        N/A       16%         1
 Blink                    Tloc           16%        N/A       19%         2
 Sublimation of Blood     Necr           8%         N/A       19%         2
 Alistair's Intoxication  Tmut/Pois      31%        N/A       21%         5
 Irradiate                Conj/Tmut      21%        3d18      26%         5
 Call Canine Familiar     Summ           8%         N/A       30%         3
 Dazzling Flash           Conj/Hex       16%        N/A       30%         3
 Lesser Beckoning         Tloc           8%         N/A       30%         3
 Portal Projectile        Hex/Tloc       16%        N/A       30%         3
 Summon Guardian Golem    Hex/Summ       8%         N/A       30%         3
 Tukima's Dance           Hex            8%         N/A       30%         3
 Hailstorm                Conj/Ice       11%        3d5       50%         4
 Iskenderun's Mystic Bla  Conj/Tloc      8%         2d4       56%         4
 Fireball                 Conj/Fire      4%         3d4       82%         5
 Iskenderun's Battlesphe  Conj           8%         2d6       82%         5
 Manifold Assault         Tloc           8%         N/A       82%         5
 Conjure Ball Lightning   Conj/Air       4%         3x3d6     99%         6
 Simulacrum               Ice/Necr       5%         N/A       99%         6
 Starburst                Conj/Fire      4%         6d3       99%         6
 Orb of Destruction       Conj           4%         9d5       100%        7
 Summon Hydra             Summ           4%         N/A       100%        7


Dungeon Overview and Level Annotations

Branches:
Dungeon (15/15)            Temple (1/1) D:6            Lair (5/5) D:9
  Swamp (4/4) Lair:2       Spider (4/4) Lair:3        Slime (5/5) Lair:5
    Orc (2/2) D:11            Elf (0/3) Orc:2        Vaults (0/5) D:13
 Depths (0/4) D:15          Sewer (visited)           IceCv (visited)
Volcano (visited)         Gauntlet (visited)

Altars:
Ashenzari
Cheibriados
Dithmenos
Elyvilon
Fedhas
Gozag
Hepliaklqana
Kikubaaqudgha
Makhleb
Nemelex Xobeh
Okawaru
Qazlal
Ru
Sif Muna
Trog
Uskayaw
Vehumet
Wu Jian
Xom
Yredelemnul
Zin
The Shining One
Jiyva

Shops:
D:4 (   D:6 ([   Orc:1 *   Orc:2 (*=[

Annotations:
D:2 Sigmund
D:7 exclusion: statue
Lair:5 exclusion: obsidian statue


Innate Abilities, Weirdness & Mutations

You have blades for main tentacles.
Your spellcasting is less reliable in this form.
You are incapable of wielding weapons or throwing items.
You cannot wear most types of armour.
You are amphibious.
You can wear up to eight rings at the same time.
Your skin changes colour to match your surroundings (Stealth+).
Your rubbery body absorbs attacks. (AC +1, EV +1)
((You are camouflaged when in or above water. (Stealth+)))
You have tentacles for arms and can constrict up to eight enemies at once.
One of your tentacles bears a spike.
You are completely covered in iridescent scales. (AC +6)
Your mind is acute. (Int +4, Str/Dex -1)
Your flesh is heat resistant. (rF+)
You are highly strong-willed. (Will++)
Your system is resistant to poisons. (rPois)
Armour fits poorly on your massive pseudopods.
You have a small jelly attached to you that senses nearby items.
You have a small jelly attached to you that may absorb projectiles.
Your melee attacks may engulf your foes in ooze.


Message History

Unknown command.
The redback attacks as you move away! The redback bites you.
A tarantella comes into view.
The redback bites your jumping spider.
Your jumping spider barely misses the redback.
Your jumping spider completely misses the redback.
The orb spider weaves a glowing orb of energy.
An orb of destruction comes into view.
Your jumping spider closely misses the redback.
Your jumping spider bites the redback!
Your jumping spider pounces on the redback but does no damage.
Your jumping spider bites the redback.
The orb of destruction hits you!!!
You shudder from the blast and a jelly pops out!
Your azure jelly hits the orb spider!
Your azure jelly freezes the orb spider!
Your azure jelly hits the orb spider but does no damage.
Your azure jelly hits the orb spider.
Your azure jelly closely misses the orb spider.
The redback barely misses your jumping spider.
The orb spider weaves a glowing orb of energy.
Your jumping spider pounces on the redback!
The redback dies!
An orb of destruction comes into view.
You shred the pharaoh ant!!!
You destroy the pharaoh ant!
The pharaoh ant binds the souls of nearby monsters.
The redback completely misses you.
Your jumping spider barely misses the tarantella.
Your jumping spider misses the tarantella.
The tarantella touches you!
* * * LOW HITPOINT WARNING * * *
You are confused.
Are you sure you want to stumble around while confused and next to the acid blob?
This could place you under penance! [Y]es or [N]o only, please.
Are you sure you want to stumble around while confused and next to the acid blob?
This could place you under penance!
Okay, then.
You feel better. The redback barely misses you.
The orb of destruction hits you!!!
You die...

###### #...#.†###....
### #............
.^.#####........... #
#^#^^............# .^
##s###.......#.....
...
##.○.##~......######
....##..○..##s.^......
........J☼°J.......^..
.^.##..s@.##..........
. ##s.s##..........#
... ##.###.........#
.....#)#..†...#.#^~^
.....§...§...###.###
.......†††..^# .
............## .
#.......^.....
....^#.#....##..


You could see 2 orb spiders, a tarantella (soul bound, ally target), a redback
(soul bound), a friendly acid blob (summoned), a friendly azure jelly (summoned)
and a friendly jumping spider (charmed).

Vanquished Creatures
  Nikola (Spider:2)
  Jorgrun (D:15)
  A fenstrider witch (Swamp:1)
  The ghost of Matygoc the Slicer, an adept HaSk of Okawaru (Swamp:2)
  A draconian knight (IceCv)
  2 ghost moths (Spider:1)
  2 ghouls (Swamp:4)
  2 broodmothers (Spider:4)
  An eleionoma (Swamp:1)
  4 entropy weavers
  5 white draconians (IceCv)
  A spark wasp (Spider:2)
  A bunyip (Swamp:2)
  4 dire elephants (Lair:5)
  Snorg (D:11)
  A fire dragon (D:15)
  A shambling mangrove (Swamp:2)
  A rakshasa (D:15)
  An ice dragon (D:15)
  8 boulder beetles
  3 jorogumos
  3 ghost crabs
  21 hydras
  8 vault guards (D:13)
  5 centaur warriors
  8 alligators
  2 two-headed ogres
  A radroach (Spider:1)
  A spectral dire elephant (Lair:5)
  5 death yaks (Lair:5)
  5 orc high priests (Orc:2)
  2 tengu warriors
  Sonja (Orc:2)
  3 skeletal warriors (D:15)
  2 spectral bunyips (Swamp:2)
  5 pharaoh ants
  A spectral death yak (Lair:5)
  3 goliath frogs
  A spectral anaconda (Lair:5)
  6 spriggan druids
  A sun moth (Spider:1)
  7 swamp dragons
  10 orb spiders
  4 bog bodies
  2 steelbarb worms
  12 wolf spiders
  A fenstrider witch simulacrum (Swamp:2)
  4 necromancers (Lair:5)
  3 orc knights (Orc:2)
  An orange crystal statue (IceCv)
  2 deep elf pyromancers
  2 will-o-the-wisps
  2 orc sorcerers
  4 ugly things
  26 elephants
  5 manticores
  3 salamanders (Volcano)
  6 cyclopes
  2 moths of wrath
  4 black mambas
  A dire elephant zombie (Lair:5)
  3 torpor snails
  4 storm dragon simulacra (IceCv)
  8 cane toads
  An unseen horror (D:10)
  A kobold demonologist (D:12)
  6 demonic crawlers
  5 komodo dragons
  2 gargoyles (Volcano)
  2 rime drakes
  A tengu conjurer (D:15)
  6 golden dragon simulacra (IceCv)
  A meliai (Spider:4)
  A polar bear (Lair:4)
  12 trolls
  3 bloated husks
  16 tarantellas
  9 tyrant leeches
  11 hornets
  2 spectral elephants (Lair:5)
  7 blink frogs
  15 dream sheep (Lair:4)
  42 jumping spiders
  23 culicivoras
  36 yaks
  2 vampires (D:11)
  11 spriggans
  A wraith (D:10)
  4 basilisks
  A water elemental (D:13)
  3 wyverns
  50 redbacks
  A spriggan simulacrum (Swamp:2)
  2 steam dragons
  13 vampire mosquitoes
  A death yak simulacrum (Lair:5)
  Grum (D:8)
  4 wargs
  17 swamp worms
  9 water moccasins
  7 swamp drakes (Swamp:4)
  3 black bears
  36 orc warriors
  7 ice dragon simulacra (IceCv)
  2 elephant zombies (Lair:5)
  8 ogres
  19 centaurs
  20 wolves
  6 kobold brigands
  A necrophage (Swamp:4)
  16 bullfrogs
  2 scorpions
  8 wights
  2 lindwurm simulacra (IceCv)
  15 killer bees
  An elephant simulacrum (Lair:5)
  A jelly (D:5)
  3 electric eels
  5 howler monkeys
  A crimson imp (D:8)
  42 orc priests
  Jessica (D:2)
  Ijyb (D:3)
  33 orc wizards
  5 iguanas
  Robin (D:3)
  3 gnolls (D:6)
  8 adders
  10 river rats
  A shadow imp (D:8)
  2 white imps
  2 ufetubi
  2 worms
  2 dart slugs
  86 orcs
  11 ball pythons
  4 bats
  6 endoplasms
  6 giant cockroaches
  12 goblins
  8 hobgoblins
  12 jackals
  33 kobolds
  16 quokkas
  5 frilled lizards
  44 rats
1084 creatures vanquished.

Vanquished Creatures (collateral kills)
  the Lernaean hydra (Swamp:4)
  A minotaur (Gauntlet)
  A pharaoh ant (Spider:2)
  2 orb spiders (Spider:2)
  A cyclops (D:15)
  A tarantella (Spider:4)
  3 culicivoras (Spider:2)
  A redback (Spider:4)
  A lindwurm simulacrum (IceCv)
12 creatures vanquished.

Vanquished Creatures (others)
  A rakshasa (D:15)
  3 hydras (Swamp:4)
  A pharaoh ant (Spider:2)
  An orb spider (Spider:2)
  A manticore (shapeshifter) (Gauntlet)
  A storm dragon simulacrum (IceCv)
  An unseen horror (shapeshifter) (D:15)
  A komodo dragon (Lair:5)
  A bloated husk (Swamp:3)
  8 slime creatures
  A dream sheep (Lair:4)
  A shadow (D:13)
  A spriggan (Swamp:4)
  2 yaks
  A redback (Spider:2)
  A vampire mosquito (D:13)
  5 boggarts (D:15)
  A killer bee (D:9)
  2 electric eels (D:13)
  62 jellies
  An orc priest (Orc:2)
  3 orc wizards
  5 orcs
  4 foxfires (Swamp:4)
  50 fungi
  61 plants
  23 withered plants (Lair:5)
243 creatures vanquished.

Grand Total: 1339 creatures vanquished

Notes
Turn   | Place    | Note
-------+----------+-------------------------------------------
     0 | D:1      | Lutefisk the Octopode Transmuter began the quest for the
                  | Orb.
     0 | D:1      | Reached XP level 1. HP: 13/13 MP: 3/3
   102 | D:1      | Reached XP level 2. HP: 19/19 MP: 1/5
   259 | D:1      | Learned a level 2 spell: Wereblood
   349 | D:1      | Reached XP level 3. HP: 15/25 MP: 4/6
   354 | D:1      | Learned a level 3 spell: Spider Form
   429 | D:2      | Noticed Sigmund
   663 | D:3      | Noticed Ijyb
   842 | D:2      | Reached skill level 1 in Poison Magic
   856 | D:2      | Noticed Jessica
   872 | D:2      | Killed Jessica
   873 | D:2      | Reached XP level 4. HP: 21/31 MP: 4/7
   959 | D:2      | You fall into a shaft and drop 1 floor!
  1164 | D:3      | Killed Ijyb
  1365 | D:3      | Noticed a phantom
  1417 | D:3      | Noticed Robin
  1436 | D:3      | Reached XP level 5. HP: 36/36 MP: 5/8
  1516 | D:3      | Killed Robin
  1566 | D:2      | Reached skill level 3 in Dodging
  1982 | D:3      | Reached skill level 4 in Dodging
  1982 | D:3      | Reached XP level 6. HP: 22/42 MP: 4/9
  2170 | D:3      | Found a snail-covered altar of Cheibriados.
  2220 | D:4      | Reached skill level 1 in Stealth
  2696 | D:4      | Reached XP level 7. HP: 48/48 MP: 10/10
  2713 | D:4      | Reached skill level 5 in Dodging
  2740 | D:4      | Reached skill level 5 in Fighting
  2779 | D:4      | Found Tijoil Juism's Weapon Boutique.
  2993 | D:5      | Entered Level 5 of the Dungeon
  3516 | D:5      | Reached skill level 5 in Unarmed Combat
  3516 | D:5      | Reached XP level 8. HP: 55/55 MP: 7/11
  3779 | D:5      | Learned a level 4 spell: Ice Form
  3788 | D:5      | Reached skill level 1 in Evocations
  3908 | D:5      | Reached skill level 1 in Ice Magic
  3921 | D:5      | Reached skill level 6 in Dodging
  4142 | D:6      | Reached skill level 5 in Transmutations
  4235 | D:6      | Found a glowing drain.
  4254 | Sewer    | Entered a sewer
  4495 | Sewer    | Reached XP level 9. HP: 60/62 MP: 9/12
  4648 | D:6      | Found Sounnyod's Weapon Boutique.
  4827 | D:6      | Found a staircase to the Ecumenical Temple.
  4828 | D:6      | You fall into a shaft and drop 1 floor!
  5138 | Temple   | Entered the Ecumenical Temple
  5314 | D:6      | Reached skill level 7 in Dodging
  5339 | D:6      | Identified the ring "Vydwoudi" {rElec rF+ Str+5 Int+2}
  5346 | D:6      | Found Ynyeb's Antique Armour Shoppe.
  6032 | D:7      | Found a radiant altar of Vehumet.
  6067 | D:7      | Reached skill level 8 in Dodging
  6070 | D:7      | Reached XP level 10. HP: 70/71 MP: 10/13
  6282 | D:8      | Found a burning altar of Makhleb.
  6349 | D:8      | Found a stormy altar of Qazlal.
  6349 | D:8      | Noticed Grum
  6374 | D:8      | Killed Grum
  6403 | D:8      | Found a glowing silver altar of Zin.
  6492 | D:8      | Found a blossoming altar of Fedhas.
  6568 | D:8      | Identified the +0 chain mail of Reason {Harm rElec}
  6606 | D:8      | Identified the +4 short sword of Qythynil {vorpal, Will+}
  6755 | D:9      | Reached skill level 9 in Dodging
  6990 | D:9      | Found a transporter.
  6992 | D:9      | Found a viscous altar of Jiyva.
  6992 | D:9      | Found a transporter.
  7026 | D:9      | Found a staircase to the Lair.
  7068 | D:9      | Became a worshipper of Jiyva Jiuskeor the Shapeless
  7533 | Lair:1   | Entered Level 1 of the Lair of Beasts
  7582 | Lair:1   | Reached XP level 11. HP: 80/80 MP: 10/14
  7695 | Lair:1   | Found a dark tunnel.
  7703 | Volcano  | Entered a volcano
  7709 | Volcano  | Noticed a salamander
  7721 | Volcano  | Killed a salamander
  7744 | Volcano  | Noticed a salamander
  7769 | Volcano  | Killed a salamander
  8077 | Volcano  | Noticed a deep elf pyromancer
  8115 | Volcano  | Noticed a cyclops
  8124 | Volcano  | Killed a cyclops
  8127 | Volcano  | Reached skill level 10 in Dodging
  8140 | Volcano  | Noticed a cyclops
  8274 | Volcano  | Killed a deep elf pyromancer
  8275 | Volcano  | Noticed a salamander
  8299 | Volcano  | Killed a salamander
  8534 | Volcano  | Noticed a hell knight
  8563 | Volcano  | Killed a cyclops
  8564 | Volcano  | Reached skill level 10 in Fighting
  8692 | Lair:1   | Reached * piety under Jiyva
  8739 | Lair:1   | Reached skill level 10 in Unarmed Combat
  9045 | Lair:2   | Noticed a four-headed hydra
  9053 | Lair:2   | Killed a four-headed hydra
  9092 | Lair:2   | Reached ** piety under Jiyva
  9231 | Lair:2   | Noticed a boulder beetle
  9234 | Lair:2   | Reached XP level 12. HP: 87/87 MP: 18/18
  9316 | Lair:2   | Reached *** piety under Jiyva
  9409 | Lair:2   | Found a staircase to the Swamp.
  9457 | Lair:2   | Killed a boulder beetle
  9458 | Lair:2   | Reached skill level 11 in Dodging
  9659 | Lair:3   | Gained mutation: Your pliable body absorbs attacks. (AC +2,
                  | EV +2) [Jiyva's grace]
  9659 | Lair:3   | Gained mutation: Your gelatinous body deflects attacks. (AC
                  | +3, EV +3) [Jiyva's grace]
  9659 | Lair:3   | Gained mutation: One of your tentacles bears a spike.
                  | [Jiyva's grace]
  9659 | Lair:3   | Gained mutation: One of your tentacles bears a nasty spike.
                  | [Jiyva's grace]
  9743 | Lair:3   | Reached **** piety under Jiyva
  9929 | Lair:3   | Found a hole to the Spider Nest.
  9969 | Lair:3   | Reached skill level 12 in Dodging
 10225 | Lair:4   | You fall into a shaft and drop 1 floor!
 10225 | Lair:5   | Entered Level 5 of the Lair of Beasts
 10268 | Lair:5   | Reached XP level 13. HP: 93/97 MP: 19/19
 10384 | Lair:5   | Reached ***** piety under Jiyva
 10406 | Lair:4   | Reached skill level 5 in Evocations
 10582 | Lair:4   | Found a gate leading to a gauntlet.
 10595 | Gauntlet | Entered a Gauntlet
 10595 | Gauntlet | Found a transporter.
 10595 | Gauntlet | Found a runed translucent door.
 10596 | Gauntlet | Found a runed translucent door.
 10602 | Gauntlet | Found a transporter.
 10605 | Gauntlet | Found a transporter.
 10606 | Gauntlet | Found a transporter.
 10658 | Gauntlet | Found a transporter.
 10670 | Gauntlet | Noticed a minotaur
 10690 | Gauntlet | Killed a minotaur
 10693 | Gauntlet | Identified the +8 eveningstar "Omotak" {spect, rPois rC++
                  | rCorr Int-5 Stlth+}
 10714 | Gauntlet | Found a transporter.
 11253 | Lair:5   | Lost mutation: One of your tentacles bears a nasty spike.
                  | [Jiyva's grace]
 11253 | Lair:5   | Gained mutation: Your melee attacks may engulf your foes in
                  | ooze. [Jiyva's grace]
 11253 | Lair:5   | Gained mutation: Your flesh is heat resistant. (rF+)
                  | [Jiyva's grace]
 11253 | Lair:5   | Gained mutation: Your flesh is very heat resistant. (rF++)
                  | [Jiyva's grace]
 11253 | Lair:5   | Gained mutation: Your flesh is almost immune to the effects
                  | of heat. (rF+++) [Jiyva's grace]
 11254 | Lair:5   | Found a staircase to the Slime Pits.
 11299 | Lair:5   | Noticed a dire elephant
 11299 | Lair:5   | Noticed a dire elephant
 11300 | Lair:5   | Noticed a dire elephant
 11300 | Lair:5   | Noticed a dire elephant
 11378 | Lair:5   | Killed a dire elephant
 11397 | Lair:5   | Reached skill level 10 in Transmutations
 11475 | Lair:5   | Reached XP level 14. HP: 102/102 MP: 20/20
 11495 | Lair:5   | Identified the +3 leather armour of Qextuzir {Str+4}
 11583 | Lair:5   | Reached skill level 13 in Dodging
 11819 | Lair:5   | Killed a dire elephant
 11830 | Lair:5   | Killed a dire elephant
 11894 | Lair:5   | Killed a dire elephant
 12334 | Slime:1  | Entered Level 1 of the Pits of Slime
 12337 | Slime:2  | Noticed an acid blob
 12337 | Slime:2  | Noticed a quicksilver ooze
 12343 | Slime:2  | Noticed an acid blob
 12362 | Slime:3  | Noticed a rockslime
 12371 | Slime:5  | Entered Level 5 of the Pits of Slime
 12379 | Slime:5  | Noticed an acid blob
 12384 | Slime:5  | Noticed an acid blob
 12387 | Slime:5  | Noticed an acid blob
 12388 | Slime:5  | Noticed a rockslime
 12390 | Slime:5  | Found a viscous altar of Jiyva.
 12390 | Slime:5  | Noticed an acid blob
 12390 | Slime:5  | Noticed an azure jelly
 12390 | Slime:5  | Noticed an acid blob
 12548 | D:10     | Entered Level 10 of the Dungeon
 12982 | D:10     | Learned a level 5 spell: Blade Hands
 13086 | D:11     | Noticed Snorg
 13096 | D:11     | Killed Snorg
 13162 | D:11     | Found a staircase to the Orcish Mines.
 13170 | D:11     | Lost mutation: One of your tentacles bears a spike.
                  | [Jiyva's grace]
 13170 | D:11     | Lost mutation: Your flesh is almost immune to the effects
                  | of heat. (rF+++) [Jiyva's grace]
 13170 | D:11     | Lost mutation: Your flesh is very heat resistant. (rF++)
                  | [Jiyva's grace]
 13170 | D:11     | Lost mutation: Your gelatinous body deflects attacks. (AC
                  | +3, EV +3) [Jiyva's grace]
 13170 | D:11     | Gained mutation: Your spells are a little harder to cast,
                  | but a little more powerful. [Jiyva's grace]
 13170 | D:11     | Gained mutation: Your spells are harder to cast, but more
                  | powerful. [Jiyva's grace]
 13170 | D:11     | Gained mutation: Your spells are much harder to cast, but
                  | much more powerful. [Jiyva's grace]
 13170 | D:11     | Gained mutation: Your body has grown eyes which may confuse
                  | attackers. (Acc +3) [Jiyva's grace]
 13532 | D:12     | Found a sacrificial altar of Ru.
 13785 | D:12     | Reached skill level 14 in Dodging
 14180 | D:13     | Found a gate to the Vaults.
 14198 | D:13     | Reached XP level 15. HP: 71/112 MP: 21/21
 14619 | D:13     | Lost mutation: Your spells are much harder to cast, but
                  | much more powerful. [Jiyva's grace]
 14619 | D:13     | Lost mutation: Your body has grown eyes which may confuse
                  | attackers. (Acc +3) [Jiyva's grace]
 14619 | D:13     | Gained mutation: Your mind is acute. (Int +4, Str/Dex -1)
                  | [Jiyva's grace]
 14619 | D:13     | Gained mutation: Your mind is very acute. (Int +8, Str/Dex
                  | -2) [Jiyva's grace]
 14619 | D:13     | Gained mutation: You have a small jelly attached to you
                  | that may absorb projectiles. [Jiyva's grace]
 14619 | D:13     | Gained mutation: You possess an exceptional clarity of
                  | mind. [Jiyva's grace]
 14802 | D:14     | Reached ****** piety under Jiyva
 15013 | D:14     | Learned a level 7 spell: Dragon Form
 15014 | D:15     | Entered Level 15 of the Dungeon
 15014 | D:15     | Found an opulent altar of Gozag.
 15015 | D:15     | Found an opulent altar of Gozag.
 15016 | D:15     | Found an opulent altar of Gozag.
 15125 | D:15     | Found an opulent altar of Gozag.
 15377 | D:15     | Found a staircase to the Depths.
 15593 | D:15     | Noticed Jorgrun
 15600 | D:15     | Killed Jorgrun
 15601 | D:15     | Found a frozen archway.
 15623 | IceCv    | Entered an ice cave
 15846 | IceCv    | Noticed a white draconian knight
 16068 | IceCv    | Identified the amulet "Fiziffao" {RegenMP rN+ rCorr}
 16094 | IceCv    | Identified the amulet "Ituestem" {Spirit Int+4}
 16153 | IceCv    | Killed a white draconian knight
 16675 | Orc:1    | Entered Level 1 of the Orcish Mines
 16675 | Orc:1    | Lost mutation: You possess an exceptional clarity of mind.
                  | [Jiyva's grace]
 16675 | Orc:1    | Lost mutation: Your spells are harder to cast, but more
                  | powerful. [Jiyva's grace]
 16675 | Orc:1    | Lost mutation: Your spells are a little harder to cast, but
                  | a little more powerful. [Jiyva's grace]
 16675 | Orc:1    | Lost mutation: Your pliable body absorbs attacks. (AC +2,
                  | EV +2) [Jiyva's grace]
 16675 | Orc:1    | Gained mutation: You are strong-willed. (Will+) [Jiyva's
                  | grace]
 16675 | Orc:1    | Gained mutation: You are highly strong-willed. (Will++)
                  | [Jiyva's grace]
 16675 | Orc:1    | Gained mutation: You are extremely strong-willed. (Will+++)
                  | [Jiyva's grace]
 16675 | Orc:1    | Gained mutation: You have hidden genetic potential.
                  | [Jiyva's grace]
 16697 | Orc:1    | Reached skill level 15 in Dodging
 16887 | Orc:2    | Entered Level 2 of the Orcish Mines
 16887 | Orc:2    | Noticed Sonja
 16892 | Orc:2    | Killed Sonja
 17050 | Orc:2    | Reached skill level 5 in Spellcasting
 17052 | Orc:2    | Found a staircase to the Elven Halls.
 17116 | Orc:2    | Reached XP level 16. HP: 111/119 MP: 23/23
 17284 | Orc:2    | Found Wastak's Antique Armour Shoppe.
 17284 | Orc:2    | Found Uloc's Jewellery Shoppe.
 17285 | Orc:2    | Found Zaanigh's General Store.
 17285 | Orc:2    | Found Yduog's Antique Weapon Shoppe.
 17295 | Orc:2    | Bought a scroll of immolation for 60 gold pieces
 17295 | Orc:2    | Bought a scroll of identify for 30 gold pieces
 17295 | Orc:2    | Bought a scroll of teleportation for 45 gold pieces
 17295 | Orc:2    | Bought a potion of heal wounds for 75 gold pieces
 17299 | Orc:2    | Bought a +1 buckler of protection for 247 gold pieces
 17461 | Orc:2    | Reached skill level 15 in Fighting
 17518 | Orc:1    | Reached skill level 1 in Shields
 17527 | Orc:1    | Found Tock's Assorted Antiques.
 17723 | Swamp:1  | Entered Level 1 of the Swamp
 17723 | Swamp:1  | Noticed a fenstrider witch
 17727 | Swamp:1  | Killed a fenstrider witch
 18088 | Swamp:2  | Identified the +2 great sword "Qefadunn" {drain, *Rage rF+
                  | rC+ Stlth+}
 18090 | Swamp:2  | Found a transporter.
 18136 | Swamp:2  | Gained mutation: Your system is resistant to poisons.
                  | (rPois) [Jiyva's grace]
 18136 | Swamp:2  | Gained mutation: You are partially covered in iridescent
                  | scales. (AC +2) [Jiyva's grace]
 18136 | Swamp:2  | Gained mutation: You are mostly covered in iridescent
                  | scales. (AC +4) [Jiyva's grace]
 18136 | Swamp:2  | Gained mutation: You are completely covered in iridescent
                  | scales. (AC +6) [Jiyva's grace]
 18194 | Swamp:2  | Reached skill level 15 in Unarmed Combat
 18352 | Swamp:3  | Gained mutation: You expend magic power (3 MP) to
                  | strengthen your wands. [hidden potential]
 18538 | Swamp:4  | Entered Level 4 of the Swamp
 18850 | Swamp:4  | Reached skill level 16 in Dodging
 18850 | Swamp:4  | Reached XP level 17. HP: 127/127 MP: 24/24
 18911 | Swamp:4  | Lost mutation: Your mind is very acute. (Int +8, Str/Dex
                  | -2) [Jiyva's grace]
 18911 | Swamp:4  | Lost mutation: You are extremely strong-willed. (Will+++)
                  | [Jiyva's grace]
 18911 | Swamp:4  | Lost mutation: You expend magic power (3 MP) to strengthen
                  | your wands. [Jiyva's grace]
 18911 | Swamp:4  | Gained mutation: Armour fits poorly on your pseudopods.
                  | [Jiyva's grace]
 18911 | Swamp:4  | Gained mutation: Armour fits poorly on your large
                  | pseudopods. [Jiyva's grace]
 18911 | Swamp:4  | Gained mutation: Armour fits poorly on your massive
                  | pseudopods. [Jiyva's grace]
 18911 | Swamp:4  | Gained mutation: You have a small jelly attached to you
                  | that senses nearby items. [Jiyva's grace]
 19002 | Swamp:4  | Noticed the 27-headed Lernaean hydra
 19025 | Swamp:4  | Killed the 27-headed Lernaean hydra
 19091 | Swamp:4  | Got a decaying rune of Zot
 19266 | Swamp:2  | Found a transporter.
 19267 | Swamp:2  | Noticed Matygoc's ghost (adept HaSk)
 19291 | Swamp:2  | Killed Matygoc's ghost
 19323 | Swamp:2  | Identified the +2 cloak of Serr {Rampage rPois rN++ Int-2}
 19474 | Spider:1 | Entered Level 1 of the Spider Nest
 19594 | Spider:1 | Gained mutation: One of your tentacles bears a spike.
                  | [hidden potential]
 19594 | Spider:1 | Lost mutation: You have hidden genetic potential. [hidden
                  | potential expressed]
 19818 | Spider:1 | Reached skill level 17 in Dodging
 19860 | Spider:2 | Noticed Nikola
 19904 | Spider:2 | You fall into a shaft and drop 1 floor!
 19963 | Spider:2 | Reached XP level 18. HP: 135/135 MP: 27/27
 19964 | Spider:2 | Identified the +1 cloak "Haasudi" {Str+6}
 20055 | Spider:2 | Killed Nikola
 20835 | Spider:4 | Entered Level 4 of the Spider Nest
 20848 | Spider:4 | Reached skill level 18 in Dodging
 21006 | Spider:4 | Blown up by an orb spider

Illustrated notes

Levels and vault maps discovered:
D:1:      dpeg_arrival_stone_temple_mockup, layout_basic,
          basic_ecumenical_altar, minmay_hexomino_u4
D:2:      layout_basic, chequers_serial_rivers_marsh, uniq_sigmund, uniq_jessica
D:3:      layout_rooms, kennysheep_slug_shrine, uniq_ijyb, uniq_robin
D:4:      nicolae_cairo_tiling, layout_basic, serial_shops, kennysheep_mini
D:5:      lemuel_ratsnest, layout_gridville
D:6:      layout_basic, minmay_temple_entry_arrows, gup_sewer_entry_pipe,
          serial_shops, nicolae_shop_advertising_works
          [nicolae_subvault_shop_adworks], shop, minmay_misc_feat_plants
D:7:      layout_basic, vehumet_statue
D:8:      layout_rooms, makhleb_grotto_becter, mainiacjoe_overflow_alcove_2,
          overflow_temple_1_default, lemuel_crystal_altar, uniq_grum
D:9:      gammafunk_jiyva_shrine, layout_basic, erik_lair_orcish_takeover,
          grunt_ministairs_8
D:10:     layout_layer_cave, st_stairs_11
D:11:     layout_basic, erik_orc_3, uniq_snorg
D:12:     layout_loops_ring, nicolae_ru_awakened_eye
D:13:     layout_basic, erik_vaults_2, chequers_big_river
D:14:     layout_roguey, chequers_serial_rivers_small_3
D:15:     gammafunk_enter_depths_forms, layout_loops_ring,
          portal_ice_cave_entry_dragon, nicolae_gozag_conspicuous_consumption,
          uniq_jorgrun
Temple:   compressed_dpeg_triangle_lava_temple
Lair:1:   layout_misc_corridors, lightli_volcano_entry_magma_tube,
          serial_rivers, chequers_serial_rivers_micro_c,
          chequers_serial_rivers_micro_b, chequers_serial_rivers_room_a,
          chequers_serial_rivers_micro_b, small_statue_intersection,
          lemuel_fruit_tree
Lair:2:   layout_cave_pods, swamp_mist, eino_small_chamber_without_monster,
          nzn_sisyphean_effort
Lair:3:   layout_regular_city, nicolae_spider_entry_orb_guardian
Lair:4:   layout_small_grid, gauntlet_entry_generic, grunt_megastairs_4,
          infiniplex_staircase_pool_2, serial_bayou_shore_a
Lair:5:   due_jungle_book, layout_regular_city, slime_entry_1
Swamp:1:  layout_basic_swamp, evilmike_swamp_ruin_house_6
Swamp:2:  layout_basic_swamp, gammafunk_ghost_mausoleum,
          evilmike_swamp_ruin_house_2
Swamp:3:  layout_falls_marsh, evilmike_swamp_ruin_house_4, swamp_pool3,
          roderic_carrion_pond
Swamp:4:  swamp_old_school, layout_basic_swamp, nicolae_swamp_big_swirl
Spider:1: lemuel_spider_zombies
Spider:2: layout_spider_delve, hangedman_stitches_earthworm, uniq_nikola
Spider:3: layout_spider_delve
Spider:4: hellmonk_spider_rune_endless_swarm
Slime:1:  layout_caves
Slime:2:  layout_caves
Slime:3:  layout_caves, cheibrodos_slime_lost_civilization_6
Slime:4:  layout_caves, nicolae_slime_barrier
Slime:5
Orc:1:    layout_caves, serial_shops, nicolae_diamond_shop
Orc:2:    st_orc_pillars, layout_diamond_mine, uniq_sonja

Skill      XL: |  1  2  3  4  5  6  7  8  9 10 11 12 13 14 15 16 17 18 |
---------------+-------------------------------------------------------+-----
Fighting       | 2 3 4 5 6 7 9 10 12 13 14 15 16 | 16.0
Poison Magic   | 2 |  2.0
Unarmed Combat | 4 5 7 8 10 11 12 13 14 15 16 17 | 17.5
Dodging        | 4 5 6 8 9 10 12 14 15 16 17 18 | 18.0
Stealth        | 2 4 |  4.0
Transmutations | 3 5 6 10 12 | 12.0
Evocations     | 1 2 4 6 8 |  8.0
Ice Magic      | 1 |  1.0
Spellcasting   | 4 5 6 |  6.0
Shields        | 4 |  4.0

Action                   |  1- 3 |  4- 6 |  7- 9 | 10-12 | 13-15 | 16-18 || total
-------------------------+-------+-------+-------+-------+-------+-------++-------
Melee: Unarmed           |    60 |   150 |   506 |   553 |  1048 |   650 ||  2967
       Kick              |    15 |    21 |    16 |     4 |    18 |    80 ||   154
       Constrict         |    12 |    32 |    26 |     5 |    38 |    53 ||   166
       Tentacles         |    13 |    18 |    23 |     6 |    55 |    49 ||   164
       Punch             |     2 |     5 |     2 |     1 |    26 |    67 ||   103
       Tailslap          |       |       |       |       |     7 |    71 ||    78
       Bite              |       |       |       |       |     2 |    61 ||    63
       Pseudopods        |       |       |       |       |       |    56 ||    56
 Fire: Sling             |       |       |     3 |       |       |       ||     3
Throw: Dart              |       |       |       |       |     3 |       ||     3
 Cast: Beastly Appendage |    11 |    12 |     3 |       |       |       ||    26
       Spider Form       |     1 |     8 |    33 |    42 |    34 |     5 ||   123
       Wereblood         |       |     4 |       |       |       |       ||     4
       Ice Form          |       |       |     2 |    11 |    24 |     2 ||    39
       Blade Hands       |       |       |       |       |    20 |     6 ||    26
       Dragon Form       |       |       |       |       |     9 |    23 ||    32
Invok: Oozemancy         |       |       |       |       |    10 |       ||    10
       Slimify           |       |       |       |       |     1 |       ||     1
 Abil: End Transformatio |       |     2 |       |    10 |     5 |     5 ||    22
       Breathe Fire      |       |       |       |       |     7 |    44 ||    51
Evoke: Wand              |       |     1 |     5 |     7 |    29 |    13 ||    55
       Tin of tremorston |       |       |       |       |       |     2 ||     2
       Phial of floods   |       |       |       |       |       |     1 ||     1
  Use: Potion            |       |       |     2 |     1 |     8 |     6 ||    17
       Scroll            |       |       |     3 |     8 |    11 |    18 ||    40
 Stab: Sleeping          |     2 |     2 |     6 |     6 |     6 |     3 ||    25
       Distracted        |       |     1 |     1 |     1 |     2 |     3 ||     8
       Invisible         |       |       |       |       |     3 |       ||     3
       Fleeing           |       |       |       |       |     1 |       ||     1
Armor: Skin              |     4 |     6 |    89 |    29 |   107 |   263 ||   498
Dodge: Dodged            |    25 |    91 |   293 |   399 |   852 |   592 ||  2252
Block: Other             |       |     6 |    87 |    93 |   181 |   173 ||   540
       Reflection        |       |     1 |       |     1 |     6 |     3 ||    11
       Buckler           |       |       |       |       |       |    42 ||    42
